 Dungeon Crawl Stone Soup version 0.31-a0-455-g1a7b003ef0 (webtiles) character file.

Game seed: 5488167910928249987

518 Anon1729 the Trooper (level 7, 0/61 HPs)
             Began as a Minotaur Monk on Aug 3, 2023.
             Slain by an iguana (9 damage)
             ... on level 5 of the Dungeon.
             The game lasted 00:01:26 (3181 turns).

Anon1729 the Trooper (Minotaur Monk)                Turns: 3181, Time: 00:01:27

Health: 0/61       AC:  3    Str: 16    XL:     7   Next: 1%
Magic:  8/8        EV: 14    Int: 13    God:
Gold:   197        SH:  0    Dex: 14    Spells: 6/6 levels left

rFire   . . .        l - +0 dagger (venom)
rCold   . . .        d - orb {light}
rNeg    . . .        b - +0 robe
rPois   .            (helmet restricted)
rElec   .            y - +0 cloak
rCorr   .            (no gloves)
SInv    .            (no boots)
Will    .....        (no amulet)
Stlth   +            e - +6 ring of intelligence
HPRegen 0.30/turn    r - ring of wizardry
MPRegen 0.11/turn

%: wizardry (x1)
@: glowing
A: horns 2, retaliatory headbutt
a: no special abilities


You were on level 5 of the Dungeon.
You visited 1 branch of the dungeon, and saw 5 of its levels.

You collected 197 gold pieces.

Inventory:

Hand Weapons
 a - a +0 short sword
 l - a +0 dagger of venom (weapon)
 v - the +2 long sword of Objectivity {holy, rElec MP+9}
   (You found it on level 3 of the Dungeon)

   rElec:     It insulates you from electricity.
   MP:        It affects your magic capacity (+9).
Missiles
 w - 2 darts of dispersal
Armour
 b - a +0 robe (worn)
 d - an orb of light (worn)
 y - a +0 cloak (worn)
Jewellery
 e - a +6 ring of intelligence (left hand)
 r - a ring of wizardry (right hand)
 u - an amulet of magic regeneration
Talismans
 h - a beast talisman
Wands
 p - a wand of digging (3)
 A - a wand of quicksilver (9)
Scrolls
 c - a scroll of teleportation {unknown}
 j - 2 scrolls of poison {unknown}
 m - 2 scrolls of immolation {unknown}
 n - 2 scrolls of enchant armour {unknown}
 s - a scroll of enchant weapon {unknown}
 t - 2 scrolls of fear {unknown}
 x - 2 scrolls of identify {unknown}
 z - a scroll of blinking {unknown}
Potions
 f - a potion of heal wounds {unknown}
 g - 2 potions of haste {unknown}
 i - a potion of cancellation {unknown}
 k - a potion of brilliance {unknown}
 o - a potion of attraction {unknown}
 q - a potion of enlightenment {unknown}
 B - a potion of magic {unknown}


   Skills:
 + Level 5.3 Fighting
 + Level 4.8 Short Blades
 + Level 3.6 Armour
 + Level 4.8 Dodging
 + Level 3.0 Invocations


You had 6 spell levels left.
You didn't know any spells.
Your spell library contained the following spells:

 Spells                   Type           Power      Damage    Failure   Level
 Sublimation of Blood     Necr           0%         N/A       19%         2
 Petrify                  Tmut/Erth      0%         N/A       73%         4
 Irradiate                Conj/Tmut      0%         3d11      96%         5


Dungeon Overview and Level Annotations

Branches:
Dungeon (5/15)
 Temple: D:4-7

Altars:
Gozag

Shops:
D:3 (


Innate Abilities, Weirdness & Mutations

You have a pair of horns on your head.
You reflexively headbutt those who attack you in melee.


Message History

The hound closely misses you. The sleepcap closely misses you.
You hit the sleepcap but do no damage. You headbutt the sleepcap.
The sleepcap is severely damaged.
The hound bites you.
You hit the sleepcap but do no damage.
The sleepcap looks as sick as possible!
The sleepcap is severely damaged.
The hound bites you but does no damage.
An iguana comes into view.
The sleepcap releases spores at you.
You are engulfed in a cloud of soporific spores!
You fall asleep.
The hound barely misses you. The sleepcap releases spores at you!!
You wake up.
* * * LOW HITPOINT WARNING * * *
You are engulfed in a cloud of soporific spores!
You are unaffected.
The hound bites you.
* * * LOW HITPOINT WARNING * * *
You are too injured to fight recklessly!
You hit the sleepcap. You headbutt the sleepcap.
You destroy the sleepcap!
The hound bites you.
* * * LOW HITPOINT WARNING * * *
Your Invocations skill increases to level 3!
You hit the hound.
You headbutt the hound, but do no damage.
The hound is lightly wounded.
The hound closely misses you.
You barely miss the hound.
The hound is lightly wounded.
The hound pauses to sniff the ground.
The hound bites you but does no damage.
You hit the hound.
The hound is poisoned.
You headbutt the hound.
The hound is heavily wounded.
The hound misses you. You furiously retaliate!
You headbutt the hound! You hit the hound.
You kill the hound!
You have reached level 7!
Unknown command.
Really walk into that teleport trap?
The iguana attacks as you move away! The iguana bites you!
You die...

...#####.........# #.............
....#...........####.............
..#.#............................
.........................†.......
....#.......................#....
.#..##.........####†........#....
...............#......#######....
...............#^............####
...... #.......#@............#
...... .......#l....#.......#
...... #.....#.......# ......
###...#.[.....# ......
#...#.......# ......
..###...#....###### ....#
..............#..... ...#.
..............#..... .....
....................


You could see an iguana.

Vanquished Creatures
  A black bear (D:5)
  3 hounds
  3 jellies (D:4)
  A sleepcap (D:5)
  An iguana (D:4)
  An orc wizard (D:4)
  7 adders
  2 ufetubi
  A worm (D:3)
  2 dart slugs
  6 orcs
  10 ball pythons
  7 bats
  10 endoplasms
  3 giant cockroaches
  6 goblins
  7 hobgoblins
  5 jackals
  2 kobolds
  3 quokkas
  3 frilled lizards (D:3)
  3 rats
87 creatures vanquished.

Notes
Turn   | Place    | Note
-------+----------+-------------------------------------------
     0 | D:1      | Anon1729 the Minotaur Monk began the quest for the Orb.
     0 | D:1      | Reached XP level 1. HP: 19/19 MP: 0/0
   132 | D:1      | Reached XP level 2. HP: 26/27 MP: 1/1
   301 | D:1      | Reached skill level 1 in Armour
   635 | D:2      | Reached skill level 1 in Invocations
   637 | D:2      | Reached XP level 3. HP: 29/33 MP: 2/2
   669 | D:2      | Reached skill level 4 in Fighting
   851 | D:2      | Found an opulent altar of Gozag.
  1161 | D:3      | Reached XP level 4. HP: 37/40 MP: 4/4
  1497 | D:3      | Found Heotebra's Antique Weapon Emporium.
  1528 | D:3      | Identified the +2 long sword of Objectivity {holy, rElec
                  | MP+9}
  2238 | D:4      | Reached XP level 5. HP: 47/47 MP: 5/5
  2596 | D:4      | Reached XP level 6. HP: 37/55 MP: 6/6
  2953 | D:5      | Entered Level 5 of the Dungeon
  3005 | D:5      | Reached skill level 5 in Fighting
  3171 | D:5      | Reached XP level 7. HP: 6/61 MP: 8/8
  3181 | D:5      | Slain by an iguana

Illustrated notes

Levels and vault maps discovered:
D:1:      lightli_arrival_statuegarden, layout_basic,
          chequers_serial_rivers_room_a
D:2:      layout_rooms, basic_altar
D:3:      layout_basic, serial_shops, shop
D:4:      layout_loops_ring
D:5:      layout_basic, mainiacjoe_overflow_small_starburst

Skill      XL: |  1  2  3  4  5  6 |
---------------+-------------------+-----
Armour         | 1 2 3 |  3.6
Invocations    | 1 2 3 |  3.0
Fighting       | 4 5 |  5.3
Short Blades   | 4 |  4.8
Dodging        | 4 |  4.8

Action                     |  1- 3 |  4- 6 |  7- 9 || total
---------------------------+-------+-------+-------++-------
  Melee: Short sword       |    50 |       |       ||    50
         Headbutt          |    19 |    30 |       ||    49
         Dagger            |    41 |   125 |       ||   166
    Use: Potion            |       |     1 |       ||     1
 Armour: Robe              |    17 |    16 |       ||    33
  Dodge: Dodged            |    63 |    87 |       ||   150

Table legend: (Time is in decaauts)
 A = Elapsed time spent in this place.
 B = Non-inter-level travel time spent in this place.
 C = Inter-level travel time spent in this place.
 D = Time resting spent in this place.
 E = Time spent auto-exploring this place.
 F = Levels seen in this place.
 G = Mean time per level.
                   A        B        C        D        E       F      G
               +--------+--------+--------+--------+--------+-----+--------+
         Total |   3135 |   3003 |    132 |     58 |   2483 |   5 |  627.0 |
       Dungeon |   3135 |   3003 |    132 |     58 |   2483 |   5 |  627.0 |
               +--------+--------+--------+--------+--------+-----+--------+

Top non-repeatable levels by time:
     D:3: 970 daAuts
     D:4: 904 daAuts
     D:1: 618 daAuts
     D:2: 423 daAuts
     D:5: 219 daAuts
